 Dungeon Crawl Stone Soup version 0.30-a0-948-g4fa250aae5 (webtiles) character file.

Game seed: 15472403208649508670

269 NinjaNoafa the Magician (level 6, -4/67 HPs)
             Began as a Draconian Conjurer on Mar 26, 2023.
             Was an Initiate of Vehumet.
             Engulfed by a steam dragon's steam (12 damage)
             ... on level 5 of the Dungeon.
             The game lasted 00:05:21 (3497 turns).

NinjaNoafa the Magician (Draconian Conjurer)        Turns: 3497, Time: 00:05:21

Health: -4/67      AC: 23    Str: 10    XL:     6   Next: 1%
Magic:  11/13      EV:  2    Int: 20    God:    Vehumet [......]
Gold:   117        SH:  0    Dex:  9    Spells: 12/15 levels left

rFire   . . .      SeeInvis .    (no weapon)
rCold   . . .      Faith    .    (no shield)
rNeg    . . .      Spirit   .    (body armour unavailable)
rPois   +          Reflect  .    (helmet currently unavailable)
rElec   .          Rampage  .    (cloak currently unavailable)
rCorr   .          NoTele   +    (gloves currently unavailable)
Will    .....                    (boots currently unavailable)
Stlth   +                        (no amulet)
HPRegen 0.31/turn                (no ring)
MPRegen 0.13/turn                (no ring)

@: confused, tree-form
A: stationary, stasis, torment immunity, boosted hp, AC +6, unfitting armour,
(cold-blooded)
a: Renounce Religion


You were on level 5 of the Dungeon.
You worshipped Vehumet.
Vehumet was noncommittal.
You were a tree.
You visited 2 branches of the dungeon, and saw 6 of its levels.

You collected 189 gold pieces.
You spent 72 gold pieces at shops.

Inventory:

Hand Weapons
 a - a +3 dagger
Missiles
 h - 13 poisoned darts
 p - 6 javelins
Wands
 r - a wand of flame (6)
Scrolls
 c - 3 scrolls of enchant armour {unknown}
 d - a scroll of enchant weapon {unknown}
 f - 6 scrolls of teleportation
 g - 3 scrolls of poison
 s - a scroll of noise {unknown}
 t - a scroll of acquirement {unknown}
Potions
 b - a potion of resistance
 e - a potion of cancellation
 i - a potion of brilliance {unknown}
 j - a potion of magic
 l - a potion of mutation
 n - a potion of degeneration
 o - a potion of ambrosia {unknown}
 q - a potion of might {unknown}
 u - a potion of curing {unknown}


   Skills:
 + Level 0.0 Fighting
 - Level 1.7 Dodging
 - Level 1.7 Stealth
 - Level 5.2 Spellcasting
 - Level 5.0 Conjurations


You had 12 spell levels left.
You knew the following spells:

 Your Spells              Type           Power      Damage    Failure   Level
a - Magic Dart            Conj           100%       1d8       1%          1
b - Searing Ray           Conj           50%        2d6       2%          2

Your spell library contained the following spells:

 Spells                   Type           Power      Damage    Failure   Level
 Dazzling Flash           Conj/Hex       30%        N/A       12%         3
 Fulminant Prism          Conj/Hex       7%         3d7       38%         4
 Iskenderun's Mystic Bla  Conj/Tloc      15%        2d5       38%         4
 Animate Dead             Necr           5%         N/A       75%         4
 Borgnjor's Vile Clutch   Necr/Erth      2%         N/A       97%         5
 Death Channel            Necr           2%         N/A       100%        6


Dungeon Overview and Level Annotations

Branches:
Dungeon (5/15)             Temple (1/1) D:4

Altars:
Ashenzari
Cheibriados
Dithmenos
Elyvilon
Fedhas
Gozag
Makhleb
Okawaru
Ru
Trog
Uskayaw
Vehumet
Xom
Yredelemnul
Zin
The Shining One

Shops:
D:2 *   D:4 (

Annotations:
D:3 3 runed translucent doors, Nabski's ghost, amateur TeFE; arthad's ghost, amateur GrEE


Innate Abilities, Weirdness & Mutations

You are a tree.
Your roots penetrate the ground, keeping you stationary.
You cannot be teleported.
You are immune to unholy pain and torment.
Your maximum health is greatly increased.
Your equipment is partially melded.
((Your plain brown scales are hard. (AC +6)))
You cannot fit into any form of body armour.
((You are cold-blooded and may be slowed by cold attacks.))


Message History

You smack the steam dragon!
The steam dragon is moderately wounded.
The steam dragon bites you but does no damage.
The steam dragon claws you but does no damage.
You smack the steam dragon!
The steam dragon is severely wounded.
The steam dragon bites you.
* * * LOW HITPOINT WARNING * * *
The steam dragon claws you.
* * * LOW HITPOINT WARNING * * *
You hit the steam dragon.
The steam dragon is severely wounded.
The steam dragon bites you but does no damage.
The steam dragon completely misses you.
You hit the steam dragon.
The steam dragon is severely wounded.
The steam dragon breathes steam at you. The ball of steam hits you!
* * * LOW HITPOINT WARNING * * *
Casting: Searing Ray (safe; 2% risk of failure)
Confirm with . or Enter, or press ? or * to list all spells.
Aiming: Searing Ray (safe; 2% risk of failure)
Press: ? - help, Shift-Dir - straight line, f/p - steam dragon
Aim: a steam dragon (severely wounded, catching its breath, 79% to hit)
The searing ray hits the steam dragon.
The steam dragon is almost dead. (Press . to maintain the ray.)
You are engulfed in a cloud of scalding steam.
You choke on the stench!
You are confused.
The steam dragon bites you but does no damage.
The steam dragon claws you but does no damage.
The steam dragon breathes steam at you. The ball of steam hits you.
* * * LOW HITPOINT WARNING * * *
Okay, then.
Unknown command.
You attack the rock wall.
You are engulfed in a cloud of scalding steam.
You die...

#.......#.......#........#
##......#.......#.#...####
#...#..#.......#.#..##
#####..###.#########.##.#
#.....## #...........##.#
.......#..#######.########.#
.########..## ##.# ##.##
##..####D### ##...##
##.#.§♣§..## ##..##.##
##.#§§###.###.#####.# ####.#
###..## ##.# ### #### ##


You could see a steam dragon (catching breath).

Vanquished Creatures
  A phantom (D:4)
  A hound (D:4)
  An orc priest (D:3)
  An iguana (D:3)
  5 adders
  4 dart slugs
  2 orcs (D:3)
  5 ball pythons
  5 endoplasms
  A giant cockroach (D:2)
  6 goblins
  2 hobgoblins
  3 jackals (D:2)
  3 quokkas
  4 bats
  3 frilled lizards (D:1)
  5 kobolds
  5 rats
57 creatures vanquished.

Vanquished Creatures (others)
  A withered plant (D:3)
1 creature vanquished.

Grand Total: 58 creatures vanquished

Notes
Turn   | Place    | Note
-------+----------+-------------------------------------------
     0 | D:1      | NinjaNoafa the Draconian Conjurer began the quest for the
                  | Orb.
     0 | D:1      | Reached XP level 1. HP: 14/14 MP: 3/3
   185 | D:1      | Reached XP level 2. HP: 19/20 MP: 0/5
   991 | D:2      | Reached XP level 3. HP: 26/26 MP: 1/7
  1001 | D:2      | Learned a level 2 spell: Searing Ray
  1482 | D:2      | Found Maoska's General Store.
  1491 | D:2      | Bought a scroll of poison for 48 gold pieces
  1491 | D:2      | Bought a scroll of identify for 24 gold pieces
  1734 | D:3      | Reached skill level 5 in Conjurations
  1734 | D:3      | Reached XP level 4. HP: 33/33 MP: 2/9
  2141 | D:3      | Reached XP level 5. HP: 18/38 MP: 1/11
  2548 | D:3      | Found a runed translucent gate.
  2548 | D:3      | Found a runed translucent gate.
  2549 | D:3      | Found a runed translucent gate.
  2550 | D:3      | Noticed arthad's ghost (amateur GrEE)
  2550 | D:3      | Noticed Nabski's ghost (amateur TeFE)
  2746 | D:4      | Found a staircase to the Ecumenical Temple.
  2752 | Temple   | Entered the Ecumenical Temple
  2824 | D:4      | Found Vipafe's Weapon Boutique.
  2951 | D:4      | Found a broken altar of Ashenzari.
  3010 | D:4      | Found a shadowy altar of Dithmenos.
  3080 | D:4      | Noticed a phantom
  3090 | D:4      | Killed a phantom
  3091 | D:4      | Reached skill level 5 in Spellcasting
  3091 | D:4      | Reached XP level 6. HP: 45/45 MP: 1/13
  3362 | D:5      | Entered Level 5 of the Dungeon
  3446 | D:5      | Found a radiant altar of Vehumet.
  3446 | D:5      | Noticed a steam dragon
  3459 | D:5      | Became a worshipper of Vehumet
  3497 | D:5      | Engulfed by a steam dragon's steam

Illustrated notes

Levels and vault maps discovered:
D:1:      dpeg_arrival_connections, layout_loops_corners
D:2:      layout_basic, serial_shops, shop, chequers_serial_rivers_micro_c
D:3:      layout_basic, gammafunk_ghost_cemetery
D:4:      layout_basic, mainiacjoe_overflow_boulevard, marbit_many_paths,
          minmay_temple_entry_hall, serial_shops, nicolae_stop_n_shop_1
D:5:      layout_layer_cave, mainiacjoe_overflow_brackets,
          general_overflow_altar, lemuel_tele_altar,
          mainiacjoe_overflow_six_doors_small, minivault_1,
          hangedman_abyss_or_decor_stagger, uniq_grinder
Temple:   nicolae_temple_god_jail

Skill      XL: |  1  2  3  4  5 |
---------------+----------------+-----
Spellcasting   | 3 4 5 |  5.2
Conjurations   | 5 |  5.0
Dodging        | |  1.7
Stealth        | |  1.7

Action                     |  1- 3 |  4- 6 || total
---------------------------+-------+-------++-------
  Melee: Unarmed           |     2 |     7 ||     9
         Whip              |     2 |       ||     2
         Dagger            |     8 |     1 ||     9
         Tailslap          |     3 |       ||     3
   Cast: Magic Dart        |    56 |    32 ||    88
         Searing Ray       |     4 |     9 ||    13
    Use: Scroll            |     2 |     4 ||     6
         Potion            |       |     1 ||     1
 Armour: Skin              |    20 |    19 ||    39
  Dodge: Dodged            |    41 |    12 ||    53

Table legend: (Time is in decaauts)
 A = Elapsed time spent in this place.
 B = Non-inter-level travel time spent in this place.
 C = Inter-level travel time spent in this place.
 D = Time resting spent in this place.
 E = Time spent auto-exploring this place.
 F = Levels seen in this place.
 G = Mean time per level.
                   A        B        C        D        E       F      G
               +--------+--------+--------+--------+--------+-----+--------+
         Total |   3497 |   3261 |    236 |      0 |   2575 |   6 |  582.8 |
       Dungeon |   3449 |   3226 |    223 |      0 |   2551 |   5 |  689.8 |
        Temple |     47 |     34 |     13 |      0 |     24 |   1 |   47.0 |
               +--------+--------+--------+--------+--------+-----+--------+

Top non-repeatable levels by time:
     D:1: 981 daAuts
     D:3: 917 daAuts
     D:2: 745 daAuts
     D:4: 671 daAuts
     D:5: 134 daAuts
  Temple: 47 daAuts
